 Dungeon Crawl Stone Soup version 0.25.0-9-g26727b657a (webtiles) character file.

Game seed: 2852605213054622466

373391 DildoBatman the Necromancer (level 23, -8/181 HPs)
             Began as a Formicid Wizard on June 17, 2020.
             Was an Initiate of Gozag.
             Killed by the air
             ... invoked by Sojobo
              (35 damage)
             ... on level 4 of the Vaults on June 18, 2020.
             The game lasted 03:35:25 (47325 turns).

DildoBatman the Necromancer (Formicid Wizard)      Turns: 47325, Time: 03:35:26

Health: -8/181     AC: 24    Str: 19    XL:     23   Next: 78%
Magic:  17/43      EV: 15    Int: 33    God:    Gozag
Gold:   7387       SH: 19    Dex: 11    Spells: 19/55 levels left

rFire    + + .     SeeInvis +   a - +12 lance "Wyrmbane" {slay drac, rPois rF+ rC+ AC+3}
rCold    + . .     Gourm    .   c - +0 tower shield
rNeg     . . .     Faith    .   o - +4 troll leather armour
rPois    +         Spirit   .   (helmet unavailable)
rElec    .         Reflect  .   L - +2 cloak
rCorr    .         Harm     .   h - +1 pair of gloves of Toac {Regen+ Str+4}
MR       ++...                  u - +2 pair of boots
Stlth    ++........             m - amulet of magic regeneration
HPRegen  1.20/turn              M - +6 ring of intelligence
MPRegen  0.53/turn              I - ring "Hegenaun" {rF+ SInv}

@: flying (expiring)
A: permanent stasis, dig shafts and tunnels, four strong arms, antennae 3,
talons 1, thin metallic scales 1, thin skeletal structure 1, robust 1, strong 1
}: 2/15 runes: decaying, serpentine
a: Dig, Shaft Self, Potion Petition, Call Merchant, Bribe Branch, Renounce
Religion


You were on level 4 of the Vaults.
You worshipped Gozag.
Gozag was greatly pleased with you.
You were very full.

You visited 8 branches of the dungeon, and saw 39 of its levels.
You also visited: Gauntlet and Ice Cave.

You collected 17534 gold pieces.
You spent 8205 gold pieces at shops.
You paid 1942 gold pieces to Gozag.

Inventory:

Hand Weapons
 a - the +12 lance "Wyrmbane" (weapon) {slay drac, rPois rF+ rC+ AC+3}
   (You found it on level 6 of the Lair of Beasts)

   It affects your AC (+3).
   It protects you from fire.
   It protects you from cold.
   It protects you from poison.
 b - the +9 longbow of Giameig {vorpal, +Inv}
   (You found it on level 3 of the Elven Halls)

   Any arrow fired from it inflicts extra damage.
   It lets you turn invisible.
 q - the +9 long sword "Wousiuh" {drain, rElec rN+ Str+7 Dex-4}
   (You took it off a deep elf sorcerer on level 3 of the Elven Halls)

   A truly terrible weapon, it drains the life of those it strikes.
   It affects your strength (+7).
   It affects your dexterity (-4).
   It insulates you from electricity.
   It protects you from negative energy.
Missiles
 f - 1723 arrows
 s - 2 throwing nets (quivered)
 A - 878 bolts
 O - 74 sling bullets
 V - 14 silver javelins
Armour
 c - a +0 tower shield (worn)
 h - the +1 pair of gloves of Toac (worn) {Regen+ Str+4}
   (You found it on level 2 of the Snake Pit)

   It affects your strength (+4).
   It increases your rate of regeneration.
 o - a +4 troll leather armour (worn)
 u - a +2 pair of boots (worn)
 L - a +2 cloak (worn)
Jewellery
 e - an uncursed ring of protection from magic
 m - an amulet of magic regeneration (around neck)
 r - an uncursed amulet of regeneration
 I - the ring "Hegenaun" (right hand) {rF+ SInv}
   (You took it off a deep elf death mage on level 3 of the Elven Halls)

   [ring of protection from fire]

   It protects you from fire.
   It lets you see invisible.
 M - a +6 ring of intelligence (left hand)
Wands
 j - a wand of clouds (14)
 t - a wand of disintegration (17)
 J - a wand of acid (31)
 W - a wand of iceblast (15)
Scrolls
 d - a scroll of acquirement
 g - a scroll of holy word
 w - 11 scrolls of immolation
 x - 5 scrolls of remove curse
 y - 12 scrolls of fog
 z - 24 scrolls of identify
 C - a scroll of magic mapping
 D - 2 scrolls of summoning
 G - a scroll of enchant armour
 H - 3 scrolls of fear
 P - 4 scrolls of amnesia
 R - 3 scrolls of torment
Potions
 i - a potion of stabbing
 k - 23 potions of curing
 l - 2 potions of resistance
 n - 4 potions of ambrosia
 p - 5 potions of might
 B - 7 potions of cancellation
 K - 8 potions of brilliance
 N - 2 potions of mutation
 S - 10 potions of heal wounds
 U - 3 potions of magic
 X - 3 potions of invisibility
Miscellaneous
 F - 3 boxes of beasts
 Q - a phial of floods
 T - a lightning rod (4/4)
 Z - a phantom mirror
Comestibles
 v - 35 rations


   Skills:
 - Level 10.2 Fighting
 - Level 10.0 Armour
 - Level 8.0 Dodging
 - Level 2.4 Stealth
 - Level 15.0 Shields
 - Level 16.9 Spellcasting
 - Level 6.0 Conjurations
 - Level 6.0 Charms
   Level 1.0 Summonings
 - Level 19.0 Necromancy
   Level 0.8 Translocations
 * Level 13.9 Transmutations
 - Level 5.0 Fire Magic
 - Level 6.0 Ice Magic
 - Level 5.0 Air Magic
 - Level 18.0 Earth Magic


You had 19 spell levels left.
You knew the following spells:

 Your Spells              Type           Power        Failure   Level  Hunger
a - Conjure Flame         Conj/Fire      ######..     1%          3    None
b - Borgnjor's Vile Clut  Necr/Erth      ########..   1%          5    None
c - Bolt of Magma         Conj/Fire/Erth #######...   1%          5    None
d - Vampiric Draining     Necr           ########..   0%          3    None
e - Mephitic Cloud        Conj/Pois/Air  ######..     1%          3    None
g - Ozocubu's Armour      Chrm/Ice       ######..     1%          3    None
h - Dispel Undead         Necr           ########     0%          4    None
i - Necromutation         Tmut/Necr      #######...   12%         8    #####..
z - Sublimation of Blood  Necr           ########..   0%          2    None

Your spell library contained the following spells:

 Spells                   Type           Power        Failure   Level  Hunger
 Animate Skeleton         Necr           N/A          0%          1    None
 Beastly Appendage        Tmut           ######       0%          1    None
 Pain                     Necr           ####         0%          1    None
 Sticks to Snakes         Tmut           #######.     0%          2    None
 Animate Dead             Necr           N/A          0%          4    None
 Corona                   Hex            ####...      1%          1    None
 Freeze                   Ice            ####         1%          1    None
 Infusion                 Chrm           ####         1%          1    None
 Magic Dart               Conj           ####         1%          1    None
 Shock                    Conj/Air       ####         1%          1    None
 Summon Small Mammal      Summ           ####         1%          1    None
 Call Imp                 Summ           ####....     1%          2    None
 Corpse Rot               Necr/Air       N/A          1%          2    None
 Ensorcelled Hibernation  Hex/Ice        #####.       1%          2    None
 Poisonous Vapours        Pois/Air       #####.       1%          2    None
 Searing Ray              Conj           ######       1%          2    None
 Shroud of Golubria       Chrm/Tloc      ######       1%          2    None
 Song of Slaying          Chrm           ######..     1%          2    None
 Dazzling Flash           Conj/Hex       #####.       1%          3    None
 Frozen Ramparts          Ice            ######       1%          3    None
 Ignite Poison            Fire/Tmut/Pois ######..     1%          3    None
 Spectral Weapon          Hex/Chrm       #####...     1%          3    None
 Spider Form              Tmut/Pois      ######....   1%          3    None
 Hailstorm                Conj/Ice       ######..     1%          4    None
 Ice Form                 Ice/Tmut       #######.     1%          4    None
 Petrify                  Tmut/Erth      #######.     1%          4    None
 Agony                    Necr           ########     1%          5    None
 Blade Hands              Tmut           #######...   1%          5    None
 Irradiate                Conj/Tmut      #######...   1%          5    None
 Death Channel            Necr           ########..   1%          6    None
 Hydra Form               Tmut           #######...   1%          6    None
 Iron Shot                Conj/Erth      #######...   1%          6    None
 Simulacrum               Ice/Necr       #######...   1%          6    None
 Statue Form              Tmut/Erth      #######..    1%          6    None
 Slow                     Hex            ####....     2%          2    None
 Alistair's Intoxication  Tmut/Pois      ######..     2%          5    None
 Call Canine Familiar     Summ           ####....     3%          3    None
 Gell's Gravitas          Tloc           ####......   3%          3    None
 Recall                   Summ/Tloc      N/A          3%          3    None
 Iskenderun's Mystic Bla  Conj/Tloc      ######..     3%          4    None
 Summon Ice Beast         Ice/Summ       ######..     3%          4    None
 Iskenderun's Battlesphe  Conj/Chrm      ######..     3%          5    None
 Confusing Touch          Hex            ####....     4%          3    None
 Portal Projectile        Hex/Tloc       ####..       4%          3    None
 Summon Guardian Golem    Hex/Summ       ####....     4%          3    None
 Tukima's Dance           Hex            ####....     4%          3    None
 Fulminant Prism          Conj/Hex       #####.....   4%          4    None
 Summon Lightning Spire   Summ/Air       #####...     4%          4    None
 Lightning Bolt           Conj/Air       ######....   4%          5    None
 Dragon Form              Tmut           #######...   4%          7    ####...
 Borgnjor's Revivificati  Necr           ########..   4%          8    #####..
 Infestation              Necr           ########..   4%          8    #####..
 Eringya's Noxious Bog    Tmut/Pois      ######....   14%         6    None
 Silence                  Hex/Air        #####.....   16%         5    None
 Haunt                    Necr/Summ      #######...   22%         7    ####...
 Conjure Ball Lightning   Conj/Air       ######....   26%         6    None
 Aura of Abjuration       Summ           ####......   28%         5    None
 Summon Demon             Summ           ####......   28%         5    None
 Summon Forest            Summ/Tloc      ####......   30%         5    None
 Summon Mana Viper        Hex/Summ       ####....     36%         5    None
 Death's Door             Chrm/Necr      #######...   54%         8    #####..
 Orb of Destruction       Conj           ######....   75%         7    ####...
 Shadow Creatures         Summ           N/A          85%         6    None
 Dispersal                Tloc           ####......   86%         6    None
 Spellforged Servitor     Conj/Summ      ######....   97%         7    ####...
 Disjunction              Tloc           ####......   100%        8    #####..
 Tornado                  Air            ######....   100%        9    #######
 Blink                    Tloc           Unusable     N/A         2    N/A
 Controlled Blink         Tloc           Unusable     N/A         8    N/A

Dungeon Overview and Level Annotations

Branches:
Dungeon (15/15)            Temple (1/1) D:4            Lair (6/6) D:10
  Swamp (4/4) Lair:4        Snake (4/4) Lair:4        Slime (0/5) Lair:5
    Orc (2/2) D:11            Elf (3/3) Orc:2        Vaults (4/5) D:14
  Crypt (0/3) Vaults:3     Depths (0/5) D:15          IceCv (visited)
Gauntlet (visited)

Altars:
Ashenzari
Cheibriados
Dithmenos
Elyvilon
Fedhas
Gozag
Hepliaklqana
Kikubaaqudgha
Makhleb
Nemelex Xobeh
Okawaru
Qazlal
Ru
Sif Muna
Trog
Uskayaw
Vehumet
Wu Jian
Xom
Yredelemnul
Zin
The Shining One
Beogh
Lugonu

Shops:
D:6 *   D:9 ?!}=[   D:14 !   Orc:2 !**?   Elf:1 %%}   Elf:2 (   Elf:3 [**}
Vaults:1 ((%=   Vaults:2 [   Vaults:3 ?(*!%

Annotations:
Vaults:4 Sojobo


Innate Abilities, Weirdness & Mutations

You cannot be hasted, slowed, berserked, paralysed or teleported.
You can dig through walls and to a lower floor.
Your four strong arms can wield two-handed weapons with a shield.
You have a pair of large antennae on your head. (SInv)
You have sharp toenails.
You are partially covered in thin metallic scales. (AC +2)
You have a somewhat thin skeletal structure. (Dex +2, Stealth)
You are robust. (+10% HP)
Your muscles are strong. (Str +2)


Message History

The bolt of lightning misses the air elemental.
The bolt of lightning hits you!!! You block the air elemental's attack.
The air elemental closely misses you.
Casting: Borgnjor's Vile Clutch (safe; 1% risk of failure)
Confirm with . or Enter, or press ? or * to list all spells.
Aiming: Borgnjor's Vile Clutch (safe; 1% risk of failure)
Press: ? - help, Shift-Dir - straight line, f/p - Sojobo
Aim: Sojobo, wielding a +2 antimagic great sword and wearing a +2 ring mail of cold resistance (raging winds, severely wounded, repelling missiles)
The air elemental is unaffected.
Zombie hands grab Sojobo.
The zombie hands constrict Sojobo.
The zombie hands lose their grip on something.
The air elemental disappears in a puff of smoke!
The winds around the air elemental start to calm down.
You block the air elemental's attack.
Sojobo waves her feathered arms in wide circles.
The air twists around and violently strikes you in flight!!
You die...
Your body crumbles into a pile of gold.

#.#.#######.#
#.#....###..#######
#.####.##..###.....
#....#....## #.....
####§#########.....
#§§Q§#§§#....#..{..
#§§§§§§§§....#.....
#§EE§#§.#....#...[§
#§@§##.§##...'c..E.
##§##...§##+##E....
#§§§.........#.....
#.........)..#.....
##'##....##'##.....
#...##..##.).#.....
#....#..#....))....
#....'..'....#.....
#....#..#....#.....


You could see Sojobo (repels missiles) and 2 air elementals.

Vanquished Creatures
  Mara (Snake:4)
  Xtahua (Vaults:4)
  Jorgrun (D:14)
  3 deep elf blademasters
  2 deep elf master archers (Elf:3)
  3 thorn hunters
  Gastronok (D:11)
  2 tengu reavers (Vaults:4)
  Donald (Swamp:3)
  A fire giant (D:14)
  14 nagarajas (Snake:4)
  An orc warlord (Vaults:3)
  6 deep elf sorcerers
  3 vault wardens
  5 deep elf elementalists (Elf:3)
  Louise (Swamp:1)
  4 ironheart preservers
  2 stone giants (Vaults:2)
  An entropy weaver (Vaults:2)
  Nessos (D:14)
  6 deep elf demonologists
  6 deep elf annihilators (Elf:3)
  A dire elephant (D:15)
  A minotaur (Gauntlet)
  An ettin (Vaults:3)
  A blizzard demon (IceCv)
  5 fire dragons
  9 deep elf death magi
  10 ogre magi
  A great orb of eyes (Vaults:2)
  5 yaktaur captains
  Fannar (Lair:3)
  23 naga warriors
  6 vault guards
  4 deep elf high priests (Elf:3)
  2 rakshasas (Vaults:2)
  2 shambling mangroves (Swamp:2)
  3 ice dragons
  20 hydras
  3 anacondas
  2 ghost crabs
  31 two-headed ogres
  17 alligators
  11 centaur warriors
  6 death knights
  3 catoblepae
  A tengu warrior (D:13)
  A deep troll earth mage (Vaults:3)
  3 deep troll shamans
  2 orc high priests (Vaults:3)
  16 death yaks
  20 naga sharpshooters
  4 shock serpents
  Nergalle (Lair:1)
  Urug (D:14)
  22 deep elf knights
  A fire crab (Swamp:4)
  A sixfirhy (Gauntlet)
  2 salamander mystics
  2 shadow wraiths
  A sea snake (shapeshifter) (Vaults:2)
  An unseen horror (shapeshifter) (Elf:2)
  A deep troll (shapeshifter) (Elf:2)
  3 unseen horrors
  A spriggan druid (Swamp:4)
  11 swamp dragons
  2 flayed ghosts
  12 ironbrand convokers
  2 deep trolls (Vaults:3)
  4 naga ritualists
  3 wizards
  A lindwurm (Swamp:4)
  17 deep elf archers
  The ghost of Delamore the Basher, a novice GrFi (D:6)
  8 harpies
  56 deep elf magi
  17 orc knights
  7 mana vipers
  2 wolf spiders
  2 orc sorcerers
  2 phantasmal warriors
  7 cyclopes
  A necromancer (Gauntlet)
  35 ugly things
  2 manticores
  9 elephants
  A salamander (shapeshifter) (D:14)
  7 salamanders
  2 ice statues (IceCv)
  Maurice (D:8)
  8 vault sentinels
  A black mamba (shapeshifter) (Vaults:4)
  36 black mambas
  19 naga magi
  A spiny frog (shapeshifter) (Vaults:3)
  An eye of devastation (shapeshifter) (Vaults:4)
  6 guardian serpents
  Maggie (D:8)
  18 spiny frogs
  5 gargoyles
  A death yak zombie (Lair:2)
  9 komodo dragons
  An efreet (D:14)
  3 kobold demonologists (D:15)
  A rime drake (Lair:6)
  19 yaktaurs
  8 freezing wraiths
  2 tengu conjurers
  12 ice devils (IceCv)
  5 trolls
  3 meliai (D:13)
  A queen bee (D:13)
  23 blink frogs
  13 tyrant leeches
  3 polar bears
  A wind drake (shapeshifter) (Elf:2)
  9 hornets
  A jumping spider (Vaults:2)
  A hydra zombie (Lair:1)
  7 bog bodies
  A hydra skeleton (D:12)
  34 slime creatures
  A raiju (shapeshifter) (Vaults:2)
  12 hippogriffs
  4 water elementals
  A redback (Vaults:2)
  2 air elementals
  4 spriggans
  A tarantella (shapeshifter) (Vaults:2)
  A tarantella (Vaults:2)
  2 vampires (D:15)
  4 shadows
  3 wraiths
  A spriggan (shapeshifter) (D:14)
  Eustachio (D:6)
  8 basilisks
  14 wyverns
  30 yaks
  20 vampire mosquitoes
  A fire elemental (Elf:2)
  A hog (shapeshifter) (Vaults:2)
  Grum (D:8)
  4 fire bats (Swamp:4)
  6 hungry ghosts
  16 humans
  4 steam dragons
  9 insubstantial wisps
  A deep troll zombie (D:12)
  The ghost of nojaa the Agent of Entropy, an amateur GrAK of Lugonu (D:4)
  10 swamp worms
  10 wargs
  3 acid dragons
  Edmund (D:6)
  2 soldier ants (D:8)
  An ogre zombie (D:12)
  An elf zombie (D:12)
  75 nagas
  8 porcupines
  8 water moccasins
  A tengu skeleton (D:13)
  2 black bears
  15 swamp drakes
  2 hornet zombies
  55 orc warriors
  An eye of draining (D:14)
  5 ice beasts
  5 phantoms
  2 boggarts (Elf:1)
  A sky beast (D:5)
  31 centaurs
  31 ogres
  A necrophage (D:8)
  7 wolves
  A boggart (shapeshifter) (Vaults:3)
  11 crocodiles
  An elf skeleton (D:13)
  5 big kobolds
  A komodo dragon zombie (Lair:1)
  19 bullfrogs
  4 earth elementals
  A komodo dragon skeleton (Lair:1)
  A wyvern skeleton (D:6)
  3 scorpions
  A water moccasin skeleton (Lair:1)
  A cyclops zombie (D:12)
  A cyclops skeleton (D:13)
  2 troll zombies (Swamp:2)
  18 killer bees
  A wight (Vaults:3)
  A troll skeleton (Swamp:2)
  A howler monkey (D:14)
  2 electric eels
  A vampire bat (Lair:5)
  8 crimson imps
  7 centaur zombies
  11 hounds
  2 lava snakes
  2 quasits
  8 jellies
  10 centaur skeletons
  35 orc priests
  4 bullfrog skeletons
  4 iguanas
  2 porcupine zombies
  10 worker ants
  22 orc wizards
  A crocodile zombie (Lair:2)
  An acid dragon zombie (D:12)
  2 acid dragon skeletons
  3 hound skeletons
  A howler monkey zombie (D:13)
  2 howler monkey skeletons (D:5)
  13 adders
  3 shadow imps
  7 white imps (IceCv)
  6 ufetubi
  5 oozes
  2 adder skeletons
  3 worms
  4 dart slugs
  5 leopard geckos
  116 orcs
  A ball python (D:2)
  10 bats
  A bat skeleton (D:13)
  9 giant cockroaches
  A hobgoblin (D:2)
  8 jackals
  3 quokkas
  A dart slug zombie (D:13)
  6 frilled lizards
  A frilled lizard skeleton (D:13)
  7 goblins
  34 kobolds
  A kobold skeleton (D:13)
  A kobold zombie (D:13)
  4 leopard gecko skeletons
  4 orc zombies
  A quokka skeleton (D:13)
  A quokka zombie (D:13)
  7 rats
  2 rat zombies (D:3)
  2 butterflies (Lair:4)
  2 fungi
  3 plants
1700 creatures vanquished.

Vanquished Creatures (others)
  Frances (D:14)
  A hydra (Swamp:4)
  A ghost crab (Swamp:4)
  27 dancing weapons
  A shadow wraith (Vaults:3)
  A lindwurm (Swamp:4)
  A naga mage (Snake:4)
  A guardian serpent (Snake:3)
  A spiny frog (Swamp:3)
  2 steam dragons (Swamp:4)
  4 swamp drakes (Swamp:4)
  A killer bee (D:13)
  3 white imps (IceCv)
  5 ufetubi (IceCv)
  3 orcs
  7 fungi
  5 plants
  A withered plant (Gauntlet)
66 creatures vanquished.

Grand Total: 1766 creatures vanquished

Notes
Turn   | Place    | Note
-------+----------+-------------------------------------------
     0 | D:1      | DildoBatman the Formicid Wizard began the quest for the
                  | Orb.
     0 | D:1      | Reached XP level 1. HP: 13/13 MP: 4/4
    10 | D:1      | Reached skill level 1 in Conjurations
   219 | D:1      | Reached XP level 2. HP: 19/19 MP: 4/6
   573 | D:1      | You fall into a shaft and drop 1 floor!
   642 | D:1      | Found a snail-covered altar of Cheibriados.
   861 | D:2      | Reached XP level 3. HP: 24/24 MP: 5/7
   866 | D:2      | Learned a level 3 spell: Conjure Flame
   870 | D:2      | Learned a level 3 spell: Mephitic Cloud
  1037 | D:2      | Found a hazy altar of Hepliaklqana.
  1168 | D:2      | Found a shadowy altar of Dithmenos.
  1408 | D:2      | Reached XP level 4. HP: 30/30 MP: 5/8
  2151 | D:3      | Reached XP level 5. HP: 35/35 MP: 6/9
  2227 | D:3      | Found a basalt altar of Yredelemnul.
  2234 | D:3      | You fall into a shaft and drop 3 floors!
  2235 | D:6      | Noticed Eustachio
  2235 | D:6      | Noticed a water moccasin
  2242 | D:6      | You fall into a shaft and drop 1 floor!
  2370 | D:7      | Reached skill level 1 in Air Magic
  2507 | D:7      | Reached XP level 6. HP: 22/41 MP: 1/10
  2630 | D:7      | Noticed an ogre
  2695 | D:7      | Killed an ogre
  2695 | D:7      | Reached XP level 7. HP: 38/46 MP: 4/11
  3867 | D:6      | Reached skill level 1 in Fire Magic
  3935 | D:5      | Entered Level 5 of the Dungeon
  4150 | D:5      | Found a white marble altar of Elyvilon.
  4158 | D:5      | Reached XP level 8. HP: 52/52 MP: 3/12
  4401 | D:5      | Reached skill level 5 in Conjurations
  4424 | D:5      | Reached skill level 5 in Air Magic
  4781 | D:5      | Got a pair of jewelled boots
  4792 | D:5      | Identified the +0 pair of boots "Nediyper" {Dex+3} (You
                  | found it on level 5 of the Dungeon)
  5614 | D:6      | Found a runed translucent door.
  5624 | D:6      | Noticed Delamore's ghost (novice GrFi)
  5776 | D:6      | Reached XP level 9. HP: 54/57 MP: 7/13
  5823 | D:6      | Reached skill level 5 in Fire Magic
  5874 | D:6      | Noticed Edmund
  5975 | D:6      | Found Hoepn's Assorted Antiques.
  5985 | D:6      | Bought a bubbling blue potion for 27 gold pieces
  5985 | D:6      | Bought a scroll labeled CYGAEP TOFU for 31 gold pieces
  6191 | D:6      | Reached skill level 1 in Fighting
  6191 | D:6      | Reached skill level 1 in Armour
  6586 | D:4      | Found a runed translucent door.
  6589 | D:4      | Noticed nojaa's ghost (amateur GrAK)
  6640 | D:4      | Found a staircase to the Ecumenical Temple.
  6651 | Temple   | Entered the Ecumenical Temple
  6873 | D:4      | Found a radiant altar of Vehumet.
  7151 | D:3      | You fall into a shaft and drop 1 floor!
  7677 | D:3      | Found an ancient bone altar of Kikubaaqudgha.
  7687 | D:3      | Became a worshipper of Kikubaaqudgha
  8200 | D:6      | Killed Edmund
  8382 | D:6      | Killed Eustachio
  8382 | D:6      | Reached XP level 10. HP: 65/73 MP: 14/14
  8516 | D:7      | Reached skill level 5 in Fighting
  8529 | D:7      | Reached skill level 5 in Armour
  8618 | D:7      | Reached skill level 5 in Dodging
  8725 | D:7      | Reached * piety under Kikubaaqudgha
  8725 | D:7      | Identified Kikubaaqudgha's Handbook of Evil (Kikubaaqudgha
                  | gifted it to you on level 7 of the Dungeon)
  8725 | D:7      | Received a gift from Kikubaaqudgha
  8750 | D:7      | Learned a level 3 spell: Vampiric Draining
  8753 | D:7      | Learned a level 2 spell: Sublimation of Blood
  9070 | D:8      | Found a burning altar of Makhleb.
  9120 | D:8      | Noticed Maurice
  9324 | D:8      | Killed Maurice
  9407 | D:8      | Noticed Maggie
  9407 | D:8      | Noticed Grum
  9440 | D:8      | Reached ** piety under Kikubaaqudgha
  9441 | D:8      | Killed Grum
  9461 | D:8      | Killed Maggie
  9520 | D:8      | Found a shattered altar of Ashenzari.
  9918 | D:8      | Found a burning altar of Makhleb.
  9924 | D:8      | Found a bloodstained altar of Trog.
 10036 | D:9      | Reached XP level 11. HP: 84/84 MP: 15/15
 10050 | D:9      | Found a sparkling altar of Nemelex Xobeh.
 10129 | D:9      | Found a blossoming altar of Fedhas.
 10138 | D:9      | Found Nachah's Magic Scroll Boutique.
 10183 | D:9      | Noticed a two-headed ogre
 10227 | D:9      | Killed a two-headed ogre
 10227 | D:9      | Reached skill level 1 in Necromancy
 10299 | D:9      | Found an iron altar of Okawaru.
 10323 | D:9      | Found a glowing golden altar of the Shining One.
 10330 | D:9      | Reached skill level 2 in Necromancy
 10347 | D:9      | Found Peseill's Distillery.
 10354 | D:9      | Bought a potion of degeneration for 14 gold pieces
 10355 | D:9      | Bought a potion of mutation for 112 gold pieces
 10355 | D:9      | Bought a potion of lignification for 42 gold pieces
 10529 | D:9      | Reached *** piety under Kikubaaqudgha
 10529 | D:9      | Identified Kikubaaqudgha's Catalogue of Darkness
                  | (Kikubaaqudgha gifted it to you on level 9 of the Dungeon)
 10529 | D:9      | Received a gift from Kikubaaqudgha
 10529 | D:9      | Reached skill level 3 in Necromancy
 10719 | D:9      | Found an iron altar of Okawaru.
 10803 | D:9      | Found Xaloir's Antique Armour Shop.
 10807 | D:9      | Found Oqaown's Jewellery Shoppe.
 10910 | D:9      | Learned a level 4 spell: Dispel Undead
 10940 | D:9      | Found Fewke Bapt's Gadget Shop.
 11022 | D:9      | Found a glowing silver altar of Zin.
 11140 | D:10     | Entered Level 10 of the Dungeon
 11435 | D:10     | Reached skill level 4 in Necromancy
 11717 | D:10     | Reached skill level 5 in Spellcasting
 11768 | D:10     | Reached skill level 5 in Necromancy
 11837 | D:10     | Found a staircase to the Lair.
 11848 | D:10     | Reached XP level 12. HP: 94/94 MP: 16/20
 12005 | D:10     | Learned a level 5 spell: Borgnjor's Vile Clutch
 12064 | D:10     | Reached skill level 1 in Earth Magic
 12383 | D:4      | Killed nojaa's ghost
 12503 | D:6      | Killed Delamore's ghost
 12569 | D:11     | Noticed Gastronok
 12584 | D:11     | Noticed a two-headed ogre
 12681 | D:11     | Reached **** piety under Kikubaaqudgha
 12709 | D:11     | Reached skill level 5 in Earth Magic
 12778 | D:11     | Reached skill level 6 in Necromancy
 13312 | D:10     | Killed a two-headed ogre
 13412 | D:11     | Reached skill level 7 in Necromancy
 13421 | D:11     | Got a masterwork falchion
 13441 | D:11     | Killed Gastronok
 13474 | D:11     | Found a staircase to the Orcish Mines.
 13675 | D:11     | Noticed an eight-headed hydra
 13712 | D:11     | Killed an eight-headed hydra
 13926 | D:11     | Identified the cursed +0 falchion of Paper {vorpal, rC+ rN+
                  | MP+9} (You found it on level 11 of the Dungeon)
 14051 | D:10     | Gained mutation: You are surrounded by a mild repulsion
                  | field. (EV +2) [potion of mutation]
 14051 | D:10     | Gained mutation: Your system is resistant to poisons.
                  | (rPois) [potion of mutation]
 14242 | Orc:1    | Entered Level 1 of the Orcish Mines
 14276 | Orc:1    | Reached skill level 8 in Necromancy
 14345 | Orc:1    | Found a roughly hewn altar of Beogh.
 14593 | Orc:2    | Entered Level 2 of the Orcish Mines
 14684 | Orc:2    | Reached XP level 13. HP: 89/99 MP: 21/21
 15170 | Orc:2    | Reached ***** piety under Kikubaaqudgha
 15250 | Orc:2    | Reached skill level 9 in Necromancy
 15361 | Orc:2    | Reached skill level 10 in Earth Magic
 15470 | Orc:2    | Found a roughly hewn altar of Beogh.
 15558 | Orc:2    | Found a staircase to the Elven Halls.
 15640 | Orc:2    | Found Tiseon's Assorted Antiques.
 15640 | Orc:2    | Found Odisug's Distillery.
 15903 | Orc:2    | Found Abathr Xoda's Assorted Antiques.
 15904 | Orc:2    | Found Nirituf's Magic Scroll Emporium.
 15996 | Orc:2    | Bought a scroll labeled CYGAEP TOFU for 29 gold pieces
 16192 | D:12     | You fall into a shaft and drop 3 floors!
 16192 | D:15     | Entered Level 15 of the Dungeon
 16193 | D:15     | Noticed a centaur warrior
 16202 | D:15     | Killed a centaur warrior
 16357 | D:15     | Noticed an ogre mage
 16361 | D:15     | Killed an ogre mage
 16384 | D:15     | Reached XP level 14. HP: 30/108 MP: 7/23
 16401 | D:15     | Reached ****** piety under Kikubaaqudgha
 16413 | D:15     | Received a gift from Kikubaaqudgha
 16549 | D:14     | Found a gate to the Vaults.
 16549 | D:14     | Noticed Urug
 16703 | D:11     | Fell from the grace of Kikubaaqudgha
 16842 | Temple   | Became a worshipper of Gozag Ym Sagoz the Greedy
 17278 | D:12     | HP: 4/109 [slime creature (13)]
 17560 | D:12     | Reached skill level 10 in Fighting
 17560 | D:12     | Reached skill level 10 in Armour
 17683 | D:12     | Reached skill level 1 in Shields
 18252 | D:13     | Reached skill level 5 in Shields
 19384 | D:14     | Noticed Frances
 19819 | D:14     | Noticed Jorgrun
 19820 | D:14     | Noticed Nessos
 19855 | D:14     | Killed Jorgrun
 19855 | D:14     | Reached XP level 15. HP: 49/115 MP: 10/27
 19964 | D:14     | Noticed a fire giant
 20069 | Lair:1   | Entered Level 1 of the Lair of Beasts
 20188 | Lair:1   | Noticed Nergalle
 20196 | Lair:1   | Killed Nergalle
 20223 | Lair:1   | Found a gate leading to a gauntlet.
 20277 | Gauntlet | Entered a Gauntlet
 20277 | Gauntlet | Found a transporter.
 20284 | Gauntlet | Found a transporter.
 20286 | Gauntlet | Found a transporter.
 20295 | Gauntlet | Found a transporter.
 20297 | Gauntlet | Found a transporter.
 20310 | Gauntlet | Found a transporter.
 20321 | Gauntlet | Found a transporter.
 20331 | Gauntlet | Found a transporter.
 20338 | Gauntlet | Found a runed translucent door.
 20342 | Gauntlet | Found a transporter.
 20357 | Gauntlet | Found a transporter.
 20370 | Gauntlet | Found a transporter.
 20370 | Gauntlet | Found a transporter.
 20425 | Gauntlet | Found a transporter.
 20425 | Gauntlet | Found a transporter.
 20579 | Gauntlet | Reached skill level 10 in Spellcasting
 20693 | Gauntlet | Got a brightly glowing granite ring
 20735 | Gauntlet | Identified the cursed ring of Naly {+Inv MR- AC-4 Str+7}
                  | (You found it in a Gauntlet)
 21708 | Lair:2   | Was forgiven by Kikubaaqudgha
 22548 | Lair:3   | Noticed Fannar
 22558 | Lair:3   | Killed Fannar
 23006 | Lair:3   | Found a stormy altar of Qazlal.
 23895 | Lair:4   | Found a staircase to the Snake Pit.
 24066 | Lair:4   | Reached XP level 16. HP: 70/122 MP: 27/33
 24270 | Lair:4   | Learned a level 5 spell: Bolt of Magma
 24274 | Lair:4   | Learned a level 3 spell: Ozocubu's Armour
 24283 | Lair:4   | Learned a level 8 spell: Necromutation
 24490 | Lair:4   | Found a staircase to the Swamp.
 24762 | Lair:5   | Found a staircase to the Slime Pits.
 25512 | Lair:6   | Entered Level 6 of the Lair of Beasts
 25794 | Lair:6   | Reached skill level 15 in Spellcasting
 26366 | Lair:6   | Found the +8 lance "Wyrmbane" {slay drac, rPois rF+ rC+
                  | AC+3}
 26772 | D:14     | Killed Frances
 26798 | D:14     | Found an opulent altar of Gozag.
 26804 | D:14     | Killed Urug
 26861 | D:14     | Identified the cursed +0 robe "Amaec" {*Contam rF+ Str+7}
 26865 | D:14     | Killed a fire giant
 26942 | D:14     | Found Rouvyuhep's Distillery.
 26951 | D:14     | Killed Nessos
 27261 | D:14     | Reached XP level 17. HP: 71/128 MP: 28/37
 27821 | D:15     | Found a staircase to the Depths.
 28237 | D:9      | Bought a scroll of enchant armour for 97 gold pieces
 28237 | D:9      | Bought a scroll of identify for 26 gold pieces
 28237 | D:9      | Bought a scroll of identify for 26 gold pieces
 28237 | D:9      | Bought a scroll of fog for 26 gold pieces
 28313 | Orc:2    | Bought a potion of curing for 36 gold pieces
 28313 | Orc:2    | Bought a potion of mutation for 96 gold pieces
 28313 | Orc:2    | Bought a potion of curing for 36 gold pieces
 28313 | Orc:2    | Bought a potion of might for 48 gold pieces
 28313 | Orc:2    | Bought a potion of ambrosia for 96 gold pieces
 28313 | Orc:2    | Bought a potion of resistance for 120 gold pieces
 28313 | Orc:2    | Bought a potion of invisibility for 96 gold pieces
 28313 | Orc:2    | Bought a potion of mutation for 96 gold pieces
 28313 | Orc:2    | Bought a potion of curing for 36 gold pieces
 28313 | Orc:2    | Bought a potion of brilliance for 48 gold pieces
 28344 | Orc:2    | Bought a scroll of identify for 32 gold pieces
 28344 | Orc:2    | Bought a scroll of immolation for 56 gold pieces
 28344 | Orc:2    | Bought a scroll of enchant armour for 120 gold pieces
 28344 | Orc:2    | Bought a scroll of identify for 32 gold pieces
 28344 | Orc:2    | Bought a scroll of acquirement for 832 gold pieces
 28374 | Orc:2    | Bought a runed cloak for 187 gold pieces
 28374 | Orc:2    | Bought a scroll of identify for 50 gold pieces
 28374 | Orc:2    | Bought a potion of curing for 75 gold pieces
 28427 | Orc:2    | Bought a metal-bound book for 435 gold pieces
 28427 | Orc:2    | Bought a potion of heal wounds for 145 gold pieces
 28531 | D:14     | Bought a potion of magic for 136 gold pieces
 28624 | D:10     | Lost mutation: You are surrounded by a mild repulsion
                  | field. (EV +2) [potion of mutation]
 28624 | D:10     | Lost mutation: Your system is resistant to poisons. (rPois)
                  | [potion of mutation]
 28624 | D:10     | Gained mutation: Your magical capacity is low. (-10% MP)
                  | [potion of mutation]
 28624 | D:10     | Gained mutation: You are robust. (+10% HP) [potion of
                  | mutation]
 28624 | D:10     | Gained mutation: You have a somewhat thin skeletal
                  | structure. (Dex +2, Stealth) [potion of mutation]
 28625 | D:10     | Lost mutation: Your magical capacity is low. (-10% MP)
                  | [potion of mutation]
 28625 | D:10     | Gained mutation: You are partially covered in thin metallic
                  | scales. (AC +2) [potion of mutation]
 28625 | D:10     | Gained mutation: Your muscles are strong. (Str +2) [potion
                  | of mutation]
 28625 | D:10     | Gained mutation: You have sharp toenails. [potion of
                  | mutation]
 28738 | Snake:1  | Entered Level 1 of the Snake Pit
 29507 | Snake:1  | Reached skill level 10 in Necromancy
 29900 | Snake:2  | Got a pair of smoking gloves
 29911 | Snake:2  | Identified the +1 pair of gloves of Toac {Regen+ Str+4}
                  | (You found it on level 2 of the Snake Pit)
 30608 | Snake:3  | Reached skill level 11 in Necromancy
 30850 | Snake:3  | Reached XP level 18. HP: 94/148 MP: 5/38
 31286 | Snake:4  | Entered Level 4 of the Snake Pit
 31465 | Snake:4  | Got a twisted broad axe
 31466 | Snake:4  | Identified the +8 broad axe "Bijotat" {protect, rC+ rN+
                  | SInv} (You found it on level 4 of the Snake Pit)
 31519 | Snake:4  | Reached skill level 12 in Necromancy
 31559 | Snake:4  | Reached skill level 1 in Charms
 31559 | Snake:4  | Reached skill level 1 in Ice Magic
 31764 | Snake:4  | Noticed Mara
 31770 | Snake:4  | Noticed DildoBatman's illusion
 31938 | Swamp:1  | Entered Level 1 of the Swamp
 32230 | Swamp:1  | Noticed Louise
 32242 | Swamp:1  | Killed Louise
 32979 | Swamp:2  | Reached skill level 5 in Charms
 32979 | Swamp:2  | Reached skill level 5 in Ice Magic
 33800 | Swamp:2  | Reached skill level 10 in Shields
 33910 | Swamp:3  | Reached XP level 19. HP: 123/154 MP: 25/39
 34123 | Swamp:3  | Noticed Donald
 34136 | Swamp:3  | Killed Donald
 34783 | Swamp:4  | Entered Level 4 of the Swamp
 35936 | Swamp:4  | Got a decaying rune of Zot
 36490 | Elf:1    | Entered Level 1 of the Elven Halls
 36511 | Elf:1    | Got an ancient long sword
 36698 | Elf:1    | Found Jiguag's Food Shop.
 36710 | Elf:1    | Found Qiujuira's Food Shop.
 36902 | Elf:1    | Reached skill level 15 in Shields
 37079 | Elf:1    | Reached skill level 15 in Earth Magic
 37129 | Elf:1    | Found Nuokhiti's Gadget Shoppe.
 37132 | Elf:1    | Bought a wand of clouds (3) for 399 gold pieces
 37132 | Elf:1    | Bought a wand of acid (8) for 456 gold pieces
 37535 | Elf:2    | Reached XP level 20. HP: 159/161 MP: 40/40
 37808 | Elf:2    | Found Uhadeodgh's Antique Weapon Boutique.
 37867 | Elf:2    | Found a runed translucent gate.
 37867 | Elf:2    | Found a runed translucent gate.
 37867 | Elf:2    | Found a runed translucent gate.
 38049 | Elf:2    | Reached skill level 13 in Necromancy
 38429 | Elf:3    | Entered Level 3 of the Elven Halls
 38431 | Elf:3    | Found a frozen archway.
 38441 | Elf:3    | Identified the cursed +0 long sword of Law {vorpal, Str+4
                  | Int+4 Dex+2} (You found it on level 1 of the Elven Halls)
 38455 | IceCv    | Entered an ice cave
 38882 | Elf:3    | Found Tavups's Food Shoppe.
 38980 | Elf:3    | Found Hyssi's General Store.
 38987 | Elf:3    | Bought a potion of mutation for 120 gold pieces
 38987 | Elf:3    | Bought a scroll of identify for 30 gold pieces
 39228 | Elf:3    | Reached skill level 14 in Necromancy
 39341 | Elf:3    | Identified the ring "Hegenaun" {rF+ SInv}
 39498 | Elf:3    | Found Ofruppeq's General Store.
 39507 | Elf:3    | Bought a scroll of fog for 28 gold pieces
 39507 | Elf:3    | Bought a potion of cancellation for 112 gold pieces
 39507 | Elf:3    | Bought a scroll of amnesia for 49 gold pieces
 39541 | Elf:3    | Found Bivveiti's Antique Armour Shop.
 39773 | Elf:3    | Reached XP level 21. HP: 168/168 MP: 38/41
 39920 | Elf:3    | Found Ymporch Lasm's Gadget Emporium.
 39928 | Elf:3    | Bought a wand of clouds (4) for 384 gold pieces
 39928 | Elf:3    | Bought a wand of acid (9) for 416 gold pieces
 40043 | Elf:3    | Reached skill level 15 in Necromancy
 40056 | Elf:3    | Identified the +9 long sword "Wousiuh" {drain, rElec rN+
                  | Str+7 Dex-4}
 40170 | Elf:3    | Identified the Handbook of Intoxication and Air
 40338 | Elf:3    | Got a bone longbow
 40498 | Elf:3    | Identified the +9 longbow of Giameig {vorpal, +Inv} (You
                  | found it on level 3 of the Elven Halls)
 40896 | Snake:4  | Noticed DildoBatman's illusion
 40921 | Snake:4  | Killed Mara
 41008 | Snake:4  | Reached skill level 16 in Necromancy
 41367 | Snake:4  | Reached skill level 17 in Necromancy
 41603 | Snake:4  | Reached XP level 22. HP: 176/176 MP: 27/42
 41616 | Snake:4  | Got a serpentine rune of Zot
 41971 | D:14     | Bought a potion of curing for 51 gold pieces
 41971 | D:14     | Bought a potion of curing for 51 gold pieces
 41971 | D:14     | Bought a potion of curing for 51 gold pieces
 41971 | D:14     | Bought a potion of invisibility for 136 gold pieces
 41971 | D:14     | Bought 2 potions of curing for 102 gold pieces
 41971 | D:14     | Bought a potion of heal wounds for 85 gold pieces
 41971 | D:14     | Bought a potion of heal wounds for 85 gold pieces
 41971 | D:14     | Bought a potion of heal wounds for 85 gold pieces
 41971 | D:14     | Bought a potion of heal wounds for 85 gold pieces
 41971 | D:14     | Bought a potion of curing for 51 gold pieces
 42091 | D:9      | Bought a potion of might for 56 gold pieces
 42091 | D:9      | Bought a potion of resistance for 140 gold pieces
 42091 | D:9      | Bought a potion of invisibility for 112 gold pieces
 42091 | D:9      | Bought a potion of resistance for 140 gold pieces
 42170 | D:6      | Bought a scroll of identify for 62 gold pieces
 42170 | D:6      | Bought a faintly glowing bronze ring for 155 gold pieces
 42172 | D:6      | Identified the cursed ring of Esiqanuw {rPois EV-4 Dex+2}
                  | (You bought it in a shop on level 6 of the Dungeon)
 42349 | Vaults:1 | Entered Level 1 of the Vaults
 42403 | Vaults:1 | Found Umukhacw's Antique Weapon Shoppe.
 42498 | Vaults:1 | Found Zigogh's Antique Weapon Shoppe.
 42571 | Vaults:1 | Found Xeckes's Food Emporium.
 42637 | Vaults:1 | Found Woilon's Jewellery Shoppe.
 42982 | Vaults:1 | Reached skill level 18 in Necromancy
 43962 | Vaults:2 | Reached skill level 1 in Transmutations
 44216 | Vaults:2 | Reached skill level 19 in Necromancy
 44264 | Vaults:2 | Reached skill level 5 in Transmutations
 45014 | Vaults:2 | Found Hucs's Armour Emporium.
 45183 | Vaults:3 | Found Xaschasm's Assorted Antiques.
 45196 | Vaults:3 | Reached XP level 23. HP: 181/181 MP: 19/43
 45397 | Vaults:3 | Bought a potion of brilliance for 148 gold pieces
 45397 | Vaults:3 | Bought a scroll of enchant armour for 277 gold pieces
 45397 | Vaults:3 | Bought a potion of mutation for 296 gold pieces
 45623 | Vaults:3 | Reached skill level 10 in Transmutations
 45855 | Vaults:3 | Found a staircase to the Crypt.
 45980 | Vaults:3 | Found Veoz's Magic Scroll Boutique.
 45993 | Vaults:3 | Bought a scroll of amnesia for 73 gold pieces
 45993 | Vaults:3 | Bought a scroll of amnesia for 73 gold pieces
 45993 | Vaults:3 | Bought a scroll of amnesia for 73 gold pieces
 45993 | Vaults:3 | Bought a scroll of identify for 42 gold pieces
 45993 | Vaults:3 | Bought a scroll of identify for 42 gold pieces
 45993 | Vaults:3 | Bought a scroll of amnesia for 73 gold pieces
 46149 | Vaults:3 | Got an ichor-stained mace
 46192 | Vaults:3 | Found Nuhaishe's Food Shoppe.
 46239 | Vaults:3 | Found Wiesotets's Distillery.
 46247 | Vaults:3 | Bought a potion of cancellation for 104 gold pieces
 46247 | Vaults:3 | Bought a potion of mutation for 104 gold pieces
 46247 | Vaults:3 | Bought a potion of curing for 39 gold pieces
 46247 | Vaults:3 | Bought a potion of curing for 39 gold pieces
 46247 | Vaults:3 | Bought a potion of curing for 39 gold pieces
 46247 | Vaults:3 | Bought a potion of curing for 39 gold pieces
 46247 | Vaults:3 | Bought a potion of heal wounds for 65 gold pieces
 46501 | Vaults:3 | Found Seotz's Antique Weapon Shoppe.
 46700 | Vaults:3 | Identified the +5 mace of Eternal War {vorpal, *Drain rN+
                  | MR+ Int+3} (You found it on level 3 of the Vaults)
 46901 | Vaults:4 | Noticed Xtahua
 46916 | Vaults:4 | Killed Xtahua
 47285 | Vaults:4 | Noticed Sojobo
 47325 | Vaults:4 | Killed from afar by Sojobo

Illustrated notes

Levels and vault maps discovered:
D:1:      dpeg_arrival_rooms_with_view, layout_basic, cheibriados_altar_1
D:2:      layout_basic, nicolae_overflow_crystal_walls, lemuel_doored_altar,
          minmay_misc_feat_nine_boxes, minmay_pentomino_p4
D:3:      layout_basic, nicolae_overflow_hidden_temple,
          lemuel_zombie_altar_kikubaaqudgha
D:4:      layout_rooms, marbit_many_paths, minmay_temple_entry_grid,
          ebering_ghost_reflecting_pool, first_ration, grunt_ministairs_1
D:5:      layout_loops_cross, elyvilon_altar_4
D:6:      layout_cave_pods, serial_shops, shop, ebering_ghost_reflecting_pool,
          uniq_eustachio, uniq_edmund
D:7:      layout_gridville
D:8:      layout_basic, lemuel_round_altar, amethyst_overflow_temple_binary,
          hangedman_pestilent_swarm, makhleb_blood_cavern_becter, uniq_grum,
          uniq_maurice, uniq_maggie
D:9:      layout_roguey, lemuel_crystal_altar, lemuel_coloured_pillars_altar,
          overflow_temple_1_default, kennysheep_little_box,
          kennysheep_mini_moat, basic_altar, serial_shops,
          nicolae_shop_behind_doors, shop, shop, nicolae_shop_statue_plus, shop,
          st_stairs_4, minmay_starry_boxes
D:10:     layout_loops_ring, erik_lair_dragon
D:11:     layout_cave_pools, david_orc_3, uniq_gastronok
D:12:     layout_roguey, minmay_crystal_water, roderic_lattice_a,
          nicolae_lava_and_water, kennysheep_generic_room_11
D:13:     layout_loops_ring, minivault_7
D:14:     minmay_cut_squares, layout_small_grid, david_vaults_3, serial_shops,
          shop_statue, nicolae_gozag_seed_capital,
          hangedman_abyss_or_decor_passed, uniq_nessos, uniq_jorgrun,
          uniq_frances
D:15:     hangedman_depths_entry_try_elsewhere_first, layout_rooms, hex_tiny
Temple:   corrupted_temple
Lair:1:   layout_regular_city, gauntlet_entry_generic, lemuel_fruit_tree,
          uniq_nergalle
Lair:2:   layout_gridlike, grunt_megastairs_4
Lair:3:   layout_roguey, basic_altar, serial_bayou_shore_a, grunt_megastairs_5,
          uniq_fannar
Lair:4:   layout_cave_pods, palyth_hydra_swamp_entry,
          guppyfry_snake_entry_garden, kennysheep_basilisk_garden,
          grunt_megastairs_3, lemuel_fruit_fields
Lair:5:   layout_loops_ring, nicolae_slime_entry_slimehenge,
          serial_bayou_pond_d, roderic_batcave, beast_lair_carwin_8
Lair:6:   grunt_lair_end_beastmaster, layout_loops_ring, grunt_megastairs_2,
          infiniplex_staircase_pool, uniq_urug
Swamp:1:  layout_falls_marsh, nicolae_swamp_orc_logging_accident, swamp_pool1,
          hangedman_swamp_cone, uniq_louise
Swamp:2:  layout_basic_swamp, evilmike_swamp_ruin_rubble_1, swamp_pool2,
          cheibrodos_swamp_minitomb, infiniplex_staircase_pool_2
Swamp:3:  layout_falls_marsh, serial_swamp_ruin, hangedman_swamp_ruin_wall,
          evilmike_swamp_ruin_house_1, uniq_donald
Swamp:4:  swamp_fiery, layout_basic_swamp, evilmike_swamp_ruin_house_4
Snake:1:  layout_onion, drop_trap
Snake:2:  layout_concentric_octagons, nicolae_snake_biting_tails,
          grunt_ministairs_2
Snake:3:  layout_cave_town
Snake:4:  grunt_snake_rune_spirals, layout_concentric_octagons, uniq_mara
Orc:1:    layout_caves, basic_altar
Orc:2:    st_orc_town, layout_caves
Elf:1:    layout_geoelf_diagonals, serial_shops, nicolae_shop_trees,
          hangedman_elf_disciples, minmay_shop_star
Elf:2:    layout_geoelf_grid, serial_shops, shop, onia_ninara_cookie
Elf:3:    elf_hall, layout_geoelf_castle, serial_shops,
          nicolae_shop_statue_plus, nicolae_shop_overgrown_old_shop,
          nicolae_shop_trees, shop_fountains, nicolae_shop_trees,
          portal_ice_cave_entry_pillars_three, st_stairs_4
Vaults:1: grunt_vaults_funnel, vaults_room_door_hall, ontoclasm_vaults_twist,
          nicolae_vaults_theta, vaults_dpeg_hooks,
          vaults_room_grunt_arrival_checkpoint, nicolae_vaults_circle_grid_a,
          nicolae_vaults_diagonal_hallway_8, v_misc_19,
          ontoclasm_vaults_ring_small, nicolae_vaults_little_ls,
          layout_vaults_omnigrid, serial_shops, nicolae_shop_trees, shop,
          nicolae_shop_behind_doors, shop
Vaults:2: v_rooms_5, hangedman_vaults_snaps, nicolae_vaults_ring_of_whatevers,
          nicolae_vaults_network_periphery, hangedman_vaults_stream,
          vaults_room_large_hall, hangedman_vaults_stagger,
          nicolae_vaults_network_star, nicolae_vaults_circle_grid_a,
          nicolae_vaults_angled_halls, ontoclasm_vaults_ring_small,
          layout_vaults_omnibox, serial_shops, shop_statue
Vaults:3: special_room_vaults [special_room_orc], vaults_room_boxed,
          ontoclasm_vaults_idyll, v_rooms_4, nicolae_vaults_big_ls,
          nicolae_vaults_little_squares_1, v_misc_1, v_misc_2,
          nicolae_vaults_alarming, layout_vaults_chaotic_city,
          blue_anna_dwarven_crypt, serial_shops, shop,
          nicolae_shop_overgrown_old_shop, shop,
          nicolae_shop_temple_entry_statues_fountains, shop_statue
Vaults:4: ontoclasm_vaults_tryst, nicolae_vaults_display_case,
          vaults_standard_mumra_enter_the_diamond, nicolae_vaults_rhombus_7,
          v_misc_1, ontoclasm_vaults_spin, hangedman_vaults_slice,
          nicolae_vaults_theta, ontoclasm_vaults_decontamination,
          hangedman_vaults_nails, vaults_room_hallway,
          nicolae_vaults_ring_of_whatevers, ontoclasm_vaults_chip,
          layout_vaults_ring, uniq_bai_suzhen, uniq_boris, uniq_sojobo,
          uniq_xtahua

Skill      XL: |  1  2  3  4  5  6  7  8  9 10 11 12 13 14 15 16 17 18 19 20 21 22 23 |
---------------+----------------------------------------------------------------------+-----
Conjurations   | 1 2 3 4 6 |  6.0
Air Magic      | 2 3 4 5 |  5.0
Fire Magic     | 2 4 5 |  5.0
Dodging        | 4 6 7 8 |  8.0
Fighting       | 4 7 8 9 10 | 10.2
Armour         | 4 7 8 9 10 | 10.0
Necromancy     | 5 8 9 11 12 14 17 19 | 19.0
Spellcasting   | 5 6 8 13 16 | 16.9
Earth Magic    | 8 12 14 15 17 18 | 18.0
Shields        | 9 10 15 | 15.0
Charms         | 6 |  6.0
Ice Magic      | 6 |  6.0
Transmutations | 8 13 | 13.9
Stealth        | |  2.4
Summonings     | |  1.0
Translocations | |  0.8

Action                   |  1- 3 |  4- 6 |  7- 9 | 10-12 | 13-15 | 16-18 | 19-21 | 22-24 || total
-------------------------+-------+-------+-------+-------+-------+-------+-------+-------++-------
Melee: Club              |    14 |     9 |       |       |       |       |       |       ||    23
       Hand axe          |       |    13 |    22 |       |       |       |       |       ||    35
       Mace              |       |       |   105 |       |       |       |       |       ||   105
       Trident           |       |       |    21 |    18 |       |       |       |       ||    39
       Flail             |       |       |     8 |   480 |   723 |   222 |       |       ||  1433
       Halberd           |       |       |       |    28 |       |       |       |       ||    28
       Rapier            |       |       |       |       |     4 |       |       |       ||     4
       Lance             |       |       |       |       |       |   633 |   814 |   517 ||  1964
 Fire: Shortbow          |       |       |       |       |     5 |    10 |       |       ||    15
       Longbow           |       |       |       |       |       |       |     1 |       ||     1
Throw: Dart              |       |    27 |    45 |     1 |       |       |       |       ||    73
       Javelin           |       |       |     3 |       |       |       |       |       ||     3
 Cast: Magic Dart        |    72 |    62 |   315 |   119 |    42 |       |       |       ||   610
       Mephitic Cloud    |       |     6 |    31 |    62 |    44 |    18 |    17 |     3 ||   181
       Conjure Flame     |       |       |    23 |    52 |    71 |    39 |     7 |     7 ||   199
       Dispel Undead     |       |       |       |    10 |    14 |     1 |     4 |    18 ||    47
       Borgnjor's Vile C |       |       |       |    17 |   161 |   284 |   306 |   217 ||   985
       Vampiric Draining |       |       |       |     1 |     8 |     3 |     4 |       ||    16
       Sublimation of Bl |       |       |       |       |     6 |     6 |    22 |     3 ||    37
       Bolt of Magma     |       |       |       |       |       |     6 |     1 |     3 ||    10
       Ozocubu's Armour  |       |       |       |       |       |     5 |    18 |     3 ||    26
Invok: Potion Petition   |       |       |       |       |     3 |       |       |       ||     3
       Receive Necronomi |       |       |       |       |     1 |       |       |       ||     1
       Renounce Religion |       |       |       |       |     1 |       |       |       ||     1
 Abil: Dig               |     1 |     4 |    19 |    23 |    33 |    27 |    12 |     2 ||   121
       Shaft Self        |       |     1 |       |       |       |       |       |       ||     1
Evoke: Box of beasts     |       |       |       |       |       |     1 |       |       ||     1
  Use: Scroll            |       |     8 |     6 |     8 |     4 |    12 |     7 |     3 ||    48
       Potion            |       |     3 |     3 |     2 |     4 |     5 |     2 |       ||    19
 Stab: Confused          |       |     4 |     6 |    16 |    10 |     7 |     6 |       ||    49
       Sleeping          |       |       |     1 |     2 |       |     2 |     1 |       ||     6
       Distracted        |       |       |       |       |       |     4 |     6 |     4 ||    14
       Petrified         |       |       |       |       |       |     2 |       |       ||     2
  Eat: Chunk             |     1 |     7 |    21 |    40 |    21 |       |       |       ||    90
       Ration            |       |       |     1 |     1 |    16 |    11 |     8 |     7 ||    44
Armor: Robe              |     5 |     6 |    24 |       |       |       |       |       ||    35
       Leather armour    |       |       |    37 |    33 |       |       |       |       ||    70
       Steam dragon scal |       |       |       |   197 |   282 |       |       |       ||   479
       Troll leather arm |       |       |       |       |    36 |   330 |   315 |    94 ||   775
Dodge: Dodged            |    20 |    31 |   126 |   435 |   814 |   511 |   359 |   184 ||  2480
       Repelled          |       |       |       |       |       |     8 |       |       ||     8
Block: Kite shield       |       |       |       |       |   257 |   635 |   211 |       ||  1103
       Tower shield      |       |       |       |       |       |       |   463 |   474 ||   937
       Reflection        |       |       |       |       |       |       |     2 |       ||     2
